 Dungeon Crawl Stone Soup version 0.27.1-33-g824d729ab1 (webtiles) character file.

Game seed: 4903736038013960820

6 Descartes the Magician (level 1, 0/10 HPs)
             Began as a Spriggan Wanderer on Dec 14, 2021.
             Slain by a gnoll (10 damage)
             ... on level 1 of the Dungeon.
             The game lasted 00:03:05 (501 turns).

Descartes the Magician (Spriggan Wanderer)           Turns: 501, Time: 00:03:05

Health: 0/10       AC:  2    Str:  8    XL:     1   Next: 75%
Magic:  4/6        EV: 16    Int: 15    God:
Gold:   3          SH:  0    Dex: 12    Spells: 7/8 levels left

rFire    + . .     SeeInvis +   a - +0 dagger
rCold    x . .     Faith    .   (shield restricted)
rNeg     . . .     Spirit   .   b - +0 robe
rPois    .         Reflect  .   (helmet restricted)
rElec    .         Harm     .   (no cloak)
rCorr    .         Rampage  .   (gloves unavailable)
Will     .....                  (boots unavailable)
Stlth    +.........             (no amulet)
HPRegen  0.03/turn              h - ring of fire
MPRegen  0.10/turn              (no ring)

@: very quick
A: very small, no large weapons, unfitting armour, see invisible, speed 3
a: no special abilities


You were on level 1 of the Dungeon.
You visited 1 branch of the dungeon, and saw 1 of its levels.

You collected 3 gold pieces.

Inventory:

Hand Weapons
 a - a +0 dagger (weapon)
Armour
 b - a +0 robe (worn)
Jewellery
 h - a ring of fire (left hand)
Scrolls
 c - a scroll of teleportation
 d - a scroll of enchant weapon {unknown}
 e - a scroll of vulnerability {unknown}
 g - a scroll of enchant armour {unknown}
 i - 2 scrolls of identify {unknown}
Potions
 f - a potion of magic {unknown}


   Skills:
 - Level 1.0 Fighting
 - Level 1.0 Long Blades
 - Level 2.0 Throwing
 + Level 1.6 Dodging
 + Level 0.8 Stealth
 + Level 4.1 Spellcasting
 + Level 0.2 Conjurations
 + Level 1.6 Fire Magic


You had 7 spell levels left.
You knew the following spells:

 Your Spells              Type           Power      Damage    Failure   Level
a - Foxfire               Conj/Fire      32%        2x1d5     12%         1

Your spell library contained the following spells:

 Spells                   Type           Power      Damage    Failure   Level
 Magic Dart               Conj           12%        1d3       17%         1
 Blink                    Tloc           N/A        N/A       26%         2
 Call Imp                 Summ           3%         N/A       26%         2
 Slow                     Hex            3%         N/A       26%         2
 Conjure Flame            Conj/Fire      8%         6-21      36%         3
 Ignite Poison            Fire/Tmut/Pois 7%         N/A       38%         3
 Mephitic Cloud           Conj/Pois/Air  3%         N/A       45%         3


Dungeon Overview and Level Annotations

Branches:
Dungeon (1/15)

Altars:

Shops:
D:1 [


Innate Abilities, Weirdness & Mutations

You are very small and have problems with some larger weapons.
You are too small for most types of armour.
You have supernaturally acute eyesight. (SInv)
You cover ground extremely quickly. (Speed+++)


Message History

You feel a surge of power!
You conjure some foxfire!
Casting: Foxfire (safe; 12% risk of failure)
Confirm with . or Enter, or press ? or * to list all spells.
You feel a surge of power!
You conjure some foxfire!
The foxfire hits the endoplasm.
The endoplasm is lightly wounded.
Casting: Foxfire (safe; 12% risk of failure)
Confirm with . or Enter, or press ? or * to list all spells.
You feel a surge of power!
You conjure some foxfire!
The foxfire hits the endoplasm.
The endoplasm is moderately wounded.
The foxfire hits the endoplasm but does no damage.
The endoplasm is moderately wounded.
Casting: Foxfire (safe; 12% risk of failure)
Confirm with . or Enter, or press ? or * to list all spells.
You feel a surge of power!
You conjure some foxfire!
Your foxfire dissipates!
The foxfire hits the endoplasm.
The endoplasm is heavily wounded.
The foxfire hits the endoplasm.
You kill the endoplasm!
Your foxfire dissipates!
Your foxfire dissipates!
A gnoll comes into view. It is wielding a +0 spear.
There is an entrance to Rannusie's Antique Armour Boutique here.
Casting: Foxfire (safe; 12% risk of failure)
Confirm with . or Enter, or press ? or * to list all spells.
You feel a surge of power!
You conjure some foxfire!
The gnoll shouts!
The foxfire hits the gnoll.
The gnoll is lightly wounded.
Unknown command.
Found a sedimented yellow potion.
The foxfire hits the gnoll.
The gnoll is lightly wounded.
Casting: Foxfire (safe; 12% risk of failure)
Confirm with . or Enter, or press ? or * to list all spells.
You feel a surge of power!
You conjure some foxfire!
The gnoll hits you from afar with a +0 spear!
Ouch! That really hurt!
You die...

....###....#.........
....'...............
....####.#.#.##..# ....#
#.........# .####
#.........# .#
#...#.#...# #
†#######...#.....#!#
.......#.........#.#.#
######.#..#.....@§...#
#....#.#..####gv§#......
.....#.###.....v§§...#..
.....#.....###..#.##.#
†....# ## #..#..#.#
.....# #....... .....#
#.......# .....#
#.......# #....#
#.......#


You could see a gnoll (ally target).

Vanquished Creatures
  A ball python (D:1)
  2 endoplasms (D:1)
  A quokka (D:1)
  A frilled lizard (D:1)
5 creatures vanquished.

Vanquished Creatures (others)
  41 foxfires (D:1)
  4 toadstools (D:1)
45 creatures vanquished.

Grand Total: 50 creatures vanquished

Notes
Turn   | Place    | Note
-------+----------+-------------------------------------------
     0 | D:1      | Descartes the Spriggan Wanderer began the quest for the
                  | Orb.
     0 | D:1      | Descartes set off with the following items: a +0 dagger, a
                  | +0 robe, a scroll of teleportation; and the following
                  | spells available to memorise: Foxfire, Magic Dart, Blink,
                  | Call Imp, Slow, Conjure Flame, Ignite Poison, Mephitic
                  | Cloud
     0 | D:1      | Reached XP level 1. HP: 10/10 MP: 6/6
     2 | D:1      | Learned a level 1 spell: Foxfire
   437 | D:1      | Found Rannusie's Antique Armour Boutique.
   501 | D:1      | Slain by a gnoll

Illustrated notes

Levels and vault maps discovered:
D:1:      ldierk_walled_garden_2, layout_basic, serial_shops, shop,
          serial_co_window_serial, co_window_corner_a, co_window_paths_b,
          co_window_paths_b, co_window_paths_a, co_window_paths_b,
          co_window_corner_a, co_window_paths_b, co_window_broadway_c,
          co_window_broadway_a, co_window_corner_b, co_window_broadway_c,
          co_window_corner_b, co_window_paths_d, glass_columns_b,
          glass_columns_a, kennysheep_nondescript

Action                   || total
-------------------------++-------
 Cast: Foxfire           ||    23
Dodge: Dodged            ||     2
